 Dungeon Crawl Stone Soup version 0.23.2-1-ga50397a (webtiles) character file.

Game seed: 1932338402698669619

74 MalarOregon the Chiller (level 4, -6/30 HPs)
             Began as a Merfolk Ice Elementalist on May 24, 2019.
             Killed from afar by an orc wizard (9 damage)
             ... with a magic dart
             ... on level 3 of the Dungeon.
             The game lasted 00:04:44 (1954 turns).

MalarOregon the Chiller (Merfolk Ice Elementalist)  Turns: 1954, Time: 00:04:45

Health: -6/30      AC:  2    Str:  8    XL:     4   Next: 30%
Magic:  0/7        EV: 13    Int: 15    God:
Gold:   124        SH:  4    Dex: 14    Spells: 4/7 levels left

rFire    . . .     SeeInvis .   m - +0 dagger
rCold    . . .     Gourm    .   b - +0 buckler
rNeg     . . .     Faith    .   a - +0 robe
rPois    .         Spirit   .   (no helmet)
rElec    .         Reflect  .   (no cloak)
rCorr    .         Harm     .   (no gloves)
MR       .....                  (no boots)
Stlth    ++........             (no amulet)
HPRegen  0.10/turn              (no ring)
MPRegen  0.10/turn              (no ring)

@: very slightly contaminated
A: change form in water, swift swim, stealthy swim
a: no special abilities


You were on level 3 of the Dungeon.
You were hungry.

You visited 1 branch of the dungeon, and saw 3 of its levels.

You collected 124 gold pieces.

Inventory:

Hand Weapons
 m - a +0 dagger (weapon)
   (You found it on level 2 of the Dungeon)
Armour
 a - a +0 robe (worn)
 b - a +0 buckler (worn)
   (You found it on level 2 of the Dungeon)
Scrolls
 c - 3 scrolls of remove curse {@r2}
 d - 3 scrolls of teleportation {@r4}
 f - a scroll of blinking
 j - a scroll of identify {@r1}
Potions
 g - 2 potions of mutation {!q}
 h - a potion of resistance {unknown}
 i - a potion of ambrosia {unknown}
 k - a potion of curing {unknown}
 n - a potion of haste {unknown}
Comestibles
 e - 4 rations {!d}
 l - a chunk of flesh


   Skills:
 - Level 3.0 Dodging
 - Level 3.0 Stealth
 + Level 2.4 Shields
 - Level 2.0 Spellcasting
 - Level 0.7 Conjurations
 - Level 4.0 Ice Magic


You had 4 spell levels left.
You knew the following spells:

 Your Spells              Type           Power        Failure   Level  Hunger
a - Freeze                Ice            ##..         5%          1    #......
x - Throw Frost           Conj/Ice       #.....       16%         2    ###....

Your spell library contained the following spells:

 Spells                   Type           Power        Failure   Level  Hunger
 Ozocubu's Armour         Chrm/Ice       #.......     34%         3    ###....
 Throw Icicle             Conj/Ice       #.......     71%         4    #####..
 Summon Ice Beast         Ice/Summ       #.......     75%         4    #####..


Dungeon Overview and Level Annotations

Branches:
Dungeon (3/15)

Altars:


Message History

The bat hits you but does no damage. The bat hits you but does no damage.
The bat barely misses you. The bat barely misses you. The bat hits you.
The bat closely misses you. The bat closely misses you. The bat hits you.
The bat hits you but does no damage.
Aim: a bat You freeze the bat.
You kill the bat!
Aim: a ball python You miscast Freeze.
You are very lightly contaminated with residual magic.
A chill runs through your body. You block the ball python's attack.
The ball python barely misses you.
Aim: a ball python You freeze the ball python.
You kill the ball python!
You can't see any susceptible monsters within range! (Use Z to cast anyway.) Some of the chunks of flesh in your inventory have rotted away.
Aim: an orc, wielding a +0 mace and wearing a +0 ring mail You freeze the orc.
The orc hits you with a +0 mace.
Aim: an orc, wielding a +0 mace and wearing a +0 ring mail (lightly wounded)
You freeze the orc.
You can't see any susceptible monsters within range! (Use Z to cast anyway.)
You can't see any susceptible monsters within range! (Use Z to cast anyway.)
Something hits you!
You can't see any susceptible monsters within range! (Use Z to cast anyway.)
You miscast Freeze.
A chill runs through your body. Something hits you.
* * * LOW HITPOINT WARNING * * *
You freeze something. Something hits you.
* * * LOW HITPOINT WARNING * * *
You miscast Freeze.
Frost covers your body. Something hits you.
* * * LOW HITPOINT WARNING * * *
You hit something but do no damage.
You hear some strange, mumbled words.
A magic dart appears from out of thin air!
The magic dart hits you.
* * * LOW HITPOINT WARNING * * *
You closely miss something. Something hits you.
* * * LOW HITPOINT WARNING * * *
Unknown command.
A magic dart appears from out of thin air!
The magic dart hits you!
You die...

...............# #...#
...............# #...#
...............# #...#
...............# #########...#
...............# #......##...#
...............# #.####'##...#
...............######+#.........#
.......####.#####...............#
.......+.....o..@.......รท.....>.#
...o...####.#####......<........#
.......# #.# #......#.......##
.......# #.# #...####.#.#+#.#
.......####.#####.######.#.#.#.#
.......+.......................##
.......####.############.#.#....#
.......# #.# #####.#[#..# .......#
#.# ##.....#+#..#


You could see an orc.

Vanquished Creatures
  An adder (D:2)
  2 oozes (D:2)
  3 dart slugs
  2 leopard geckos
  3 ball pythons
  3 giant cockroaches
  7 goblins
  A hobgoblin (D:2)
  6 jackals
  2 kobolds
  2 quokkas
  4 bats
  5 frilled lizards
  9 rats
50 creatures vanquished.

Notes
Turn   | Place    | Note
-------+----------+-------------------------------------------
     0 | D:1      | MalarOregon the Merfolk Ice Elementalist began the quest
                  | for the Orb.
     0 | D:1      | Reached XP level 1. HP: 13/13 MP: 3/3
   243 | D:1      | Reached XP level 2. HP: 11/19 MP: 0/5
  1072 | D:2      | Reached skill level 4 in Ice Magic
  1072 | D:2      | Reached XP level 3. HP: 16/24 MP: 0/6
  1283 | D:2      | Learned a level 2 spell: Throw Frost
  1354 | D:2      | Reached skill level 1 in Shields
  1568 | D:2      | Reached XP level 4. HP: 30/30 MP: 5/7
  1954 | D:3      | Killed from afar by an orc wizard

Skill      XL: |  1  2  3  4 |
---------------+-------------+-----
Dodging        | 3 |  3.0
Stealth        | 3 |  3.0
Ice Magic      | 4 |  4.0
Shields        | 1 2 |  2.4
Spellcasting   | |  2.0
Conjurations   | |  0.7

Action                   |  1- 3 |  4- 6 || total
-------------------------+-------+-------++-------
Melee: Unarmed           |    18 |       ||    18
       Dagger            |    19 |     6 ||    25
 Cast: Freeze            |    55 |    22 ||    77
  Use: Scroll            |     6 |       ||     6
 Stab: Sleeping          |     2 |     3 ||     5
  Eat: Chunk             |     3 |     1 ||     4
Armor: Robe              |    10 |     5 ||    15
Dodge: Dodged            |    45 |    20 ||    65
Block: Buckler           |     7 |     8 ||    15
